 Dungeon Crawl Stone Soup version 0.21.1-1-g345015fe64 (webtiles) character file.

123 Knicklaso the Grave Robber (level 4, -6/34 HPs)
             Began as a Demonspawn Necromancer on Apr 15, 2018.
             Killed by divine providence
             ... invoked by an orc priest
              (10 damage)
             ... on level 3 of the Dungeon.
             The game lasted 00:09:54 (2284 turns).

Knicklaso the Grave Robber (Demonspawn Necromancer) Turns: 2284, Time: 00:09:55

Health: -6/34      AC:  5    Str:  9    XL:     4   Next: 80%
Magic:  7/7        EV: 12    Int: 17    God:
Gold:   98         SH:  0    Dex: 13    Spells: 5/7 levels left

rFire    . . .     SeeInvis .   u - +0 blowgun
rCold    . . .     Gourm    .   (no shield)
rNeg     . . .     Faith    .   a - +0 robe
rPois    .         Spirit   .   (no helmet)
rElec    .         Reflect  .   (no cloak)
rCorr    .         Harm     .   d - +0 pair of gloves
MR       .....                  (no boots)
Stlth    ++........             (no amulet)
HPRegen  0.11/turn              (no ring)
MPRegen  0.10/turn              (no ring)

@: no status effects
A: iridescent scales 1, powered by death 1
a: no special abilities


You were on level 3 of the Dungeon.
You were hungry.

You visited 1 branch of the dungeon, and saw 3 of its levels.

You collected 98 gold pieces.

Inventory:

Hand Weapons
 u - a +0 blowgun (weapon)
Missiles
 v - 15 poisoned needles (quivered)
Armour
 a - a +0 robe (worn)
 d - a +0 pair of gloves (worn)
Jewellery
 q - a cursed amulet of inaccuracy {unknown}
 r - an uncursed amulet of rage {unknown}
 s - a cursed ring of teleportation {unknown}
 t - an uncursed amulet of rage {unknown}
Wands
 w - a wand of digging (17)
Scrolls
 e - a scroll of enchant weapon {unknown}
 f - a scroll of fog {unknown}
 g - a scroll of enchant armour {unknown}
 m - a scroll of teleportation {unknown}
 n - a scroll of remove curse {unknown}
 o - a scroll of amnesia {unknown}
 p - 3 scrolls of identify {unknown}
Potions
 h - a potion of haste {unknown}
 i - 2 potions of curing {unknown}
 j - 3 potions of heal wounds {unknown}
 l - 2 potions of lignification {unknown}
Books
 b - a book of Necromancy

   Spells                             Type                      Level
   a - Pain                           Necromancy                   1
   b - Animate Skeleton               Necromancy                   1
   c - Vampiric Draining              Necromancy                   3
   d - Regeneration                   Charms/Necromancy            3
   e - Animate Dead                   Necromancy                   4
   f - Borgnjor's Vile Clutch         Necromancy/Earth             5
Comestibles
 c - 5 rations
 k - 8 chunks of flesh


   Skills:
 + Level 2.3 Fighting
 - Level 1.7 Dodging
 - Level 1.7 Stealth
 - Level 2.0 Spellcasting
 * Level 6.1 Necromancy


You had 5 spell levels left.
You knew the following spells:

 Your Spells              Type           Power        Failure   Level  Hunger
a - Pain                  Necr           ###.         1%          1    #......
b - Animate Skeleton      Necr           N/A          1%          1    #......


Dungeon Overview and Level Annotations

Branches:
Dungeon (3/15)

Altars:
Zin


Innate Abilities, Weirdness & Mutations

You are partially covered in iridescent scales. (AC +2)
You regenerate a little health from kills.


Message History

The orc wizard gestures wildly while chanting.
The orc wizard blinks!
The orc wizard closely misses you.
Really attack while wielding your +0 blowgun? [Y]es or [N]o only, please.
Really attack while wielding your +0 blowgun? [Y]es or [N]o only, please.
Really attack while wielding your +0 blowgun?
Okay, then.
The orc wizard casts a spell.
The orc wizard blinks!
The orc wizard gestures at you while chanting.
The magic dart hits you!
* * * LOW HITPOINT WARNING * * *
The orc priest shouts!
The orc priest casts a cantrip, but nothing happens.
There is a stone staircase leading up here.
The orc priest mumbles some strange prayers to Beogh against you.
Beogh smites you!
You die...

### ###...####...#.#....######.
..# ###.........)......#### ##.
..###............##.#### ####..
......#.###..###....# #.....
........##...# #...## #..##.#
..#######.).## ##.o### #. #. .##
##..#.# ##....##. .. .. .#
#..##.# ##...#...... ... .####
#.###o###.@.....#.. ... ....###)#
#..##o.##..## .........
.......)####.....# #.# ........
######........##.# #.# ##..(....
.#........###.##.# #.# #........
.#.....#..>...##.# #..###........
.........#....##.# ...#........
##....#..##......######.#........
#..........................%.....


You could see an orc priest and an orc wizard.

Vanquished Creatures
  A gnoll (D:1)
  4 adders
  4 dart slugs
  5 leopard geckos
  5 orcs (D:3)
  4 bats
  3 giant cockroaches
  3 goblins
  4 hobgoblins
  4 jackals (D:1)
  8 kobolds
  A ball python (D:3)
  3 frilled lizards
  3 rats
52 creatures vanquished.

Vanquished Creatures (collateral kills)
  A worm (D:3)
  An orc (D:3)
  A frilled lizard (D:1)
3 creatures vanquished.

Grand Total: 55 creatures vanquished

Notes
Turn   | Place    | Note
-------+----------+-------------------------------------------
     0 | D:1      | Knicklaso the Demonspawn Necromancer began the quest for the Orb.
     0 | D:1      | Reached XP level 1. HP: 13/13 MP: 3/3
   122 | D:1      | Gained mutation: You regenerate a little health from kills. [demonic ancestry]
   122 | D:1      | Reached XP level 2. HP: 10/20 MP: 0/5
   309 | D:1      | Reached skill level 1 in Fighting
   481 | D:1      | Learned a level 1 spell: Animate Skeleton
   552 | D:1      | Reached skill level 5 in Necromancy
   790 | D:1      | Reached XP level 3. HP: 24/26 MP: 0/6
  1335 | D:2      | Gained mutation: You are partially covered in iridescent scales. (AC +2) [demonic ancestry]
  1335 | D:2      | Reached XP level 4. HP: 31/33 MP: 3/7
  1953 | D:3      | Found a glowing silver altar of Zin.
  2086 | D:3      | Reached skill level 6 in Necromancy
  2284 | D:3      | Killed from afar by an orc priest

Skill      XL: |  1  2  3  4 |
---------------+-------------+-----
Fighting       | 1 2 |  2.3
Necromancy     | 5 6 |  6.1
Dodging        | |  1.7
Stealth        | |  1.7
Spellcasting   | |  2.0

Action                   |  1- 3 |  4- 6 || total
-------------------------+-------+-------++-------
Melee: Unarmed           |     8 |     2 ||    10
 Fire: Blowgun           |       |    10 ||    10
 Cast: Pain              |    56 |    51 ||   107
       Animate Skeleton  |     8 |     5 ||    13
  Eat: Chunk             |     3 |     3 ||     6
Armor: Robe              |    11 |    19 ||    30
Dodge: Dodged            |    24 |    37 ||    61
